 Dungeon Crawl Stone Soup version 0.25-a0-632-g7713895373 (webtiles) character file.

Game seed: 8675980175795031473, levelgen mode: deterministic

45 kae the Insei (level 3, 0/29 HPs)
             Began as a Draconian Transmuter on Mar 19, 2020.
             Slain by Sigmund
             ... wielding a +2 scythe of freezing
              (1 damage)
             ... on level 2 of the Dungeon.
             The game lasted 00:01:07 (1328 turns).

kae the Insei (Draconian Transmuter)                Turns: 1328, Time: 00:01:07

Health: 0/29       AC:  5    Str: 12    XL:     3   Next: 42%
Magic:  4/6        EV: 12    Int: 13    God:
Gold:   86         SH:  0    Dex: 12    Spells: 3/6 levels left

rFire    . . .     SeeInvis .     - Unarmed
rCold    . . .     Gourm    .   (no shield)
rNeg     . . .     Faith    .   (armour unavailable)
rPois    .         Spirit   .   (helmet restricted)
rElec    .         Reflect  .   (no cloak)
rCorr    .         Harm     .   (no gloves)
MR       .....                  (no boots)
Stlth    +.........             (no amulet)
HPRegen  0.09/turn              (no ring)
MPRegen  0.10/turn              (no ring)

@: slowed, very slow
A: unfitting armour, cold-blooded, AC +5
a: no special abilities


You were on level 2 of the Dungeon.
You were not hungry.

You visited 1 branch of the dungeon, and saw 2 of its levels.

You collected 86 gold pieces.

Inventory:

Missiles
 a - 36 arrows
Potions
 b - 2 potions of curing
 e - a potion of haste {unknown}
 f - a potion of might {unknown}
Comestibles
 c - a ration


   Skills:
 + Level 1.9 Fighting
 - Level 1.7 Dodging
 * Level 3.6 Unarmed Combat
 + Level 2.3 Spellcasting
 + Level 2.4 Transmutations


You had 3 spell levels left.
You knew the following spells:

 Your Spells              Type           Power        Failure   Level  Hunger
a - Beastly Appendage     Tmut           #.....       9%          1    #......
b - Sticks to Snakes      Tmut           #.......     14%         2    ###....

Your spell library contained the following spells:

 Spells                   Type           Power        Failure   Level  Hunger
 Spider Form              Tmut/Pois      #.........   41%         3    ###....
 Ice Form                 Ice/Tmut       #.......     83%         4    #####..
 Blade Hands              Tmut           #.........   94%         5    ######.


Dungeon Overview and Level Annotations

Branches:
Dungeon (2/15)

Altars:

Annotations:
D:2 Sigmund


Innate Abilities, Weirdness & Mutations

Your plain brown scales are hard. (AC +5)
You cannot fit into any form of body armour.
You are cold-blooded and may be slowed by cold attacks.


Message History

Sigmund gestures at you while chanting. The puff of flame misses you.
You hit Sigmund but do no damage.
You tail-slap Sigmund, but do no damage.
Sigmund is lightly wounded.
Your ball python bites Sigmund but does no damage.
Your ball python constricts Sigmund.
You hit Sigmund but do no damage.
Sigmund is lightly wounded.
Your ball python bites Sigmund but does no damage.
Your ball python constricts Sigmund.
Sigmund laughs darkly.
Sigmund closely misses you.
You barely miss Sigmund. You tail-slap Sigmund.
Sigmund is lightly wounded.
Your ball python bites Sigmund.
Your ball python constricts Sigmund.
Sigmund hits you with a +2 scythe of freezing!
* * * LOW HITPOINT WARNING * * *
You feel yourself slow down. Sigmund freezes you.
You die...

. ......
#.##...# ..
..... #......#
### ...
####...#
#.#####..##
#.....)..#
##........# ≈
##...#######
≈≈≈≈#####.#.#.#
≈......@S...#.#
#.##.##@#.###.#
#.##.(.##
#.###### #.#
..# ###


You could see Sigmund and a friendly ball python.

Vanquished Creatures
  An adder (D:2)
  4 dart slugs
  A leopard gecko (D:1)
  3 bats
  2 giant cockroaches
  3 goblins (D:1)
  2 hobgoblins
  3 jackals (D:2)
  A frilled lizard (D:1)
  3 kobolds (D:1)
  2 rats (D:1)
25 creatures vanquished.

Notes
Turn   | Place    | Note
-------+----------+-------------------------------------------
     0 | D:1      | kae the Draconian Transmuter began the quest for the Orb.
     0 | D:1      | Reached XP level 1. HP: 16/16 MP: 3/3
   511 | D:1      | Reached XP level 2. HP: 19/23 MP: 3/5
   536 | D:1      | Learned a level 2 spell: Sticks to Snakes
  1028 | D:2      | Reached XP level 3. HP: 29/29 MP: 4/6
  1322 | D:2      | Noticed Sigmund
  1328 | D:2      | HP: 1/29 [Sigmund/+2 scythe of freezing (10)]
  1328 | D:2      | Slain by Sigmund

Levels and vault maps discovered:
D:1:      dpeg_arrival_chambers_temple_mockup, layout_basic, minmay_pentomino_z2
D:2:      wander_river, layout_loops_cross, uniq_sigmund

Action                   || total
-------------------------++-------
Melee: Unarmed           ||    87
       Tailslap          ||     9
       Headbutt          ||     9
       Kick              ||     5
       Punch             ||     2
 Cast: Beastly Appendage ||    16
       Sticks to Snakes  ||     1
  Use: Scroll            ||     2
  Eat: Chunk             ||     2
Armor: Skin              ||    26
Dodge: Dodged            ||    57

Table legend:
 A = Non-vault XP
 B = Vault XP
 C = Vault XP percentage of total XP
 D = Non-vault monster count
 E = Vault monster count
 F = Vault count percentage of total count
                 A         B        C        D         E       F
            +---------+---------+-------+---------+---------+-------
      Total |      60 |       5 |   7.7 |      23 |       2 |   8.0
            +---------+---------+-------+---------+---------+-------
        D:1 |      30 |       5 |  14.3 |      14 |       2 |  12.5
        D:2 |      30 |       0 |   0.0 |       9 |       0 |   0.0
            +---------+---------+-------+---------+---------+-------
